 Dungeon Crawl Stone Soup version 0.26-a0-946-g9485abf61d (webtiles) character file.

Game seed: 2813064912537040306

462 ANON1729 the Insei (level 6, -6/52 HPs)
             Began as a Deep Dwarf Transmuter on Nov 28, 2020.
             Killed by divine providence
             ... invoked by an orc priest
              (13 damage)
             ... on level 5 of the Dungeon.
             The game lasted 00:07:19 (3780 turns).

ANON1729 the Insei (Deep Dwarf Transmuter)          Turns: 3780, Time: 00:07:19

Health: -6/52      AC: 10    Str: 13    XL:     6   Next: 79%
Magic:  9/9        EV:  4    Int: 16    God:
Gold:   40         SH:  0    Dex: 13    Spells: 4/10 levels left

rFire    . . .     SeeInvis .     - Unarmed
rCold    . . .     Faith    .   (no shield)
rNeg     . . .     Spirit   .   n - +0 plate armour
rPois    +         Reflect  .   (no helmet)
rElec    .         Harm     .   (no cloak)
rCorr    .         Rampage  .   (no gloves)
MR       .....                  (no boots)
Stlth    ..........             (no amulet)
HPRegen  0.00/turn              i - ring of poison resistance
MPRegen  0.11/turn              (no ring)

@: non-regenerating
A: damage resistance, heal wounds, sense surroundings 1, no regeneration
a: Heal Wounds


You were on level 5 of the Dungeon.
You visited 2 branches of the dungeon, and saw 6 of its levels.

You collected 144 gold pieces.
You spent 104 gold pieces at shops.

Inventory:

Armour
 a - a +0 robe
 n - a +0 plate armour (worn)
Jewellery
 i - a ring of poison resistance (left hand)
Scrolls
 c - a scroll of amnesia
 e - a scroll of remove curse
 f - a scroll of fog
 g - a scroll of immolation {unknown}
 k - a scroll of noise {unknown}
 l - a scroll of fear {unknown}
Potions
 b - 3 potions of curing {unknown}
 d - 2 potions of brilliance {unknown}
 h - a potion of invisibility {unknown}
 o - a potion of cancellation {unknown}
 q - 2 potions of haste {unknown}
 r - a potion of berserk rage


   Skills:
 + Level 2.3 Fighting
 + Level 0.8 Armour
 + Level 3.5 Dodging
 * Level 4.4 Unarmed Combat
 + Level 2.7 Spellcasting
 * Level 3.8 Transmutations


You had 4 spell levels left.
You knew the following spells:

 Your Spells              Type           Power        Failure   Level
a - Beastly Appendage     Tmut           ##....       100%        1
b - Wereblood             Tmut           ##......     100%        2
c - Spider Form           Tmut/Pois      #.........   100%        3

Your spell library contained the following spells:

 Spells                   Type           Power        Failure   Level
 Ice Form                 Ice/Tmut       #.......     100%        4
 Blade Hands              Tmut           ##........   100%        5


Dungeon Overview and Level Annotations

Branches:
Dungeon (5/15)             Temple (1/1) D:5

Altars:
Nemelex Xobeh
Wu Jian

Shops:
D:5 !?

Annotations:
D:2 exclusion: ogre
D:4 2 transporters


Innate Abilities, Weirdness & Mutations

You are resistant to damage.
You can heal yourself by infusing magical energy.
You passively map a small area around you.
You do not regenerate.


Message History

The orc priest barely misses you.
The orc priest calls down the wrath of Beogh upon you.
Beogh smites you!
You hit the orc priest but do no damage.
The orc priest is moderately wounded.
The orc priest mumbles some strange prayers to Beogh against you.
Beogh smites you!
You hit the orc priest.
The orc priest is severely wounded.
The orc priest mumbles some strange prayers to Beogh against you.
Pain shoots through your body!
* * * LOW HITPOINT WARNING * * *
The orc wizard casts a spell.
The orc wizard flickers and vanishes!
Deactivating autopickup; reactivate with Ctrl-A.
You hit the orc priest.
The orc priest is severely wounded.
The orc priest calls down the wrath of Beogh upon you.
Beogh smites you!
You die...

.##............... ,
.++............... ,,,
.##....†..........
...#..<#.##.......
##.#####.##...... , , **
.........##......, .......
, ##.##.......# #+##
..$.... ....+.......# #..#
....... .#.##.......#
#@#*....... *
............####o##.......
,,
.#.............5o{#.[.....
...#............#o#..$....
.#...............W........
+ *
........#######.##...#....
, ........+............+,
. *
........#######.###..#,,
,, ........###.....###..#
,


You could see a phantom, 3 orc priests and a shadow imp.

Vanquished Creatures
  A necrophage (D:5)
  Blork the orc (D:5)
  A howler monkey (D:5)
  3 hounds
  A bullfrog skeleton (D:4)
  Natasha (D:2)
  2 worker ants
  4 adders
  2 adder skeletons (D:4)
  An adder zombie (D:5)
  2 worms
  3 leopard geckos
  3 orcs (D:4)
  3 giant cockroaches
  3 goblins
  5 hobgoblins
  A quokka (D:4)
  2 bats
  4 frilled lizards
  A jackal skeleton (D:4)
  3 rats (D:1)
47 creatures vanquished.

Notes
Turn   | Place    | Note
-------+----------+-------------------------------------------
     0 | D:1      | ANON1729 the Deep Dwarf Transmuter began the quest for the
                  | Orb.
     0 | D:1      | Reached XP level 1. HP: 16/16 MP: 3/3
   114 | D:1      | Reached skill level 1 in Fighting
   641 | D:1      | Reached XP level 2. HP: 16/25 MP: 2/4
   698 | D:2      | Noticed an ogre
  1116 | D:2      | Noticed Natasha
  1127 | D:2      | Killed Natasha
  1128 | D:2      | Reached skill level 3 in Unarmed Combat
  1128 | D:2      | Reached XP level 3. HP: 10/31 MP: 2/6
  1131 | D:2      | Learned a level 2 spell: Wereblood
  1135 | D:2      | Learned a level 3 spell: Spider Form
  1267 | D:2      | Found an ornate altar of the Wu Jian Council.
  2307 | D:4      | Reached XP level 4. HP: 24/38 MP: 5/7
  2713 | D:4      | Found a sparkling altar of Nemelex Xobeh.
  2726 | D:4      | Found Fytohyp's Armour Boutique.
  2738 | D:4      | Found a transporter.
  2779 | D:4      | Reached XP level 5. HP: 30/45 MP: 8/8
  2925 | D:4      | Found a transporter.
  3312 | D:5      | Entered Level 5 of the Dungeon
  3427 | D:5      | Found a staircase to the Ecumenical Temple.
  3461 | D:5      | Noticed Blork the orc
  3468 | Temple   | Entered the Ecumenical Temple
  3491 | D:5      | Killed Blork the orc
  3492 | D:5      | Reached skill level 4 in Unarmed Combat
  3492 | D:5      | Reached XP level 6. HP: 25/52 MP: 8/8
  3618 | D:5      | Found Yklo's Distillery.
  3627 | D:5      | Bought a potion of degeneration for 13 gold pieces
  3627 | D:5      | Bought a potion of berserk rage for 65 gold pieces
  3677 | D:5      | Found Dude's Magic Scroll Shoppe.
  3696 | D:5      | Bought a scroll of identify for 26 gold pieces
  3780 | D:5      | Killed from afar by an orc priest

Illustrated notes

Levels and vault maps discovered:
D:1:      matt_arrival_los_fun, layout_basic
D:2:      layout_loops_ring, general_overflow_altar, uniq_natasha
D:3:      layout_basic
D:4:      gammafunk_cloud_chamber, layout_loops_ring, lemuel_round_altar,
          serial_shops, nicolae_shop_behind_doors, minmay_quantized
D:5:      layout_basic, minmay_temple_entry_sparse_star, serial_shops, shop,
          shop, uniq_blork_the_orc
Temple:   minmay_temple_curvy_loop

Skill      XL: |  1  2  3  4  5 |
---------------+----------------+-----
Fighting       | 1 2 |  2.3
Transmutations | 2 3 |  3.8
Unarmed Combat | 3 4 |  4.4
Spellcasting   | 2 |  2.7
Dodging        | 3 |  3.5
Armour         | |  0.8

Action                   |  1- 3 |  4- 6 || total
-------------------------+-------+-------++-------
Melee: Unarmed           |   101 |   250 ||   351
       Kick              |     8 |     7 ||    15
       Headbutt          |     6 |     5 ||    11
       Punch             |     1 |     2 ||     3
 Cast: Beastly Appendage |    14 |     2 ||    16
       Wereblood         |     1 |       ||     1
 Abil: Heal Wounds       |     2 |     5 ||     7
  Use: Scroll            |       |     4 ||     4
Armor: Robe              |     7 |     1 ||     8
       Plate armour      |       |   152 ||   152
Dodge: Dodged            |    56 |    44 ||   100

Table legend: (Time is in decaauts)
 A = Elapsed time spent in this place.
 B = Non-inter-level travel time spent in this place.
 C = Inter-level travel time spent in this place.
 D = Time resting spent in this place.
 E = Time spent auto-exploring this place.
 F = Levels seen in this place.
 G = Mean time per level.
                   A        B        C        D        E       F      G
               +--------+--------+--------+--------+--------+-----+--------+
         Total |   3756 |   3442 |    314 |    231 |   2602 |   6 |  626.0 |
       Dungeon |   3743 |   3429 |    314 |    231 |   2602 |   5 |  748.6 |
        Temple |     12 |     12 |      0 |      0 |      0 |   1 |   12.0 |
               +--------+--------+--------+--------+--------+-----+--------+

Top non-repeatable levels by time:
     D:3: 948 daAuts
     D:4: 844 daAuts
     D:1: 830 daAuts
     D:2: 760 daAuts
     D:5: 360 daAuts
  Temple: 12 daAuts
